[Event "December 19 Late 2023"]
[Site "https://www.chess.com"]
[Date "2023.12.19"]
[Round "4"]
[White "Slavin, Alexey"]
[Black "Hasanagic, Anel"]
[Result "0-1"]
[Board "121"]
[TimeControl "180+1"]
[WhiteFideId "24104388"]
[BlackFideId "14605791"]
[WhiteElo "2264"]
[BlackElo "2209"]
[WhiteTeam "RUS"]
[BlackTeam "SLO"]
[WhiteClock "0:00:01"]
[BlackClock "0:00:23"]

1. e4 c6 2. d4 d5 3. e5 c5 4. c4 Nc6 5. dxc5 d4 6. f4 Nh6 7. Nf3 Bg4 8. Bd3 e6 9. a3 a5 10. O-O Bxc5 11. Nbd2 O-O 12. Ne4 Be7 13. h3 Bh5 14. b3 Bg6 15. Qe2 Nf5 16. Bb2 Qb6 17. Ned2 Ng3 18. Qf2 Bxd3 19. Qxg3 Bxf1 20. Rxf1 d3+ 21. Kh2 a4 22. b4 Rad8 23. Bc3 f5 24. Ng5 Bxg5 25. Qxg5 h6 26. Qg6 Ne7 27. Qg3 Qc6 28. Rf3 b5 29. Rxd3 bxc4 30. Rf3 Rd7 31. b5 Qxb5 32. Bb4 Rfd8 33. Nf1 Nd5 34. Qg6 Qc6 35. Bd6 Rxd6 36. exd6 Qxd6 37. Ng3 Nxf4 38. Rxf4 Qxf4 39. Qxe6+ Kh7 40. Qe7 Rd3 0-1

[Event "December 19 Late 2023"]
[Site "https://www.chess.com"]
[Date "2023.12.19"]
[Round "4"]
[White "Crispin Ferreras, Darvi Abraham"]
[Black "Tikhonov, Viacheslav"]
[Result "1-0"]
[Board "123"]
[TimeControl "180+1"]
[WhiteFideId "6402771"]
[BlackFideId "44196407"]
[WhiteElo "2149"]
[BlackElo "2209"]
[WhiteTeam "DOM"]
[BlackTeam "RUS"]
[WhiteClock "0:00:50"]
[BlackClock "0:00:00"]

1. e4 c5 2. Nf3 g6 3. d4 cxd4 4. Qxd4 Nf6 5. e5 Nc6 6. Qa4 Nd5 7. Qe4 Nb6 8. Nc3 Bg7 9. Bb5 O-O 10. O-O d5 11. exd6 Qxd6 12. Bf4 Qe6 13. Qxe6 Bxe6 14. Bxc6 bxc6 15. Be5 f6 16. Bd4 Rfd8 17. Bc5 Kf7 18. h3 h6 19. Rfe1 Nc4 20. b3 f5 21. Rxe6 Kxe6 22. Re1+ Kf7 23. Rxe7+ Kg8 24. Rxg7+ Kxg7 25. bxc4 Rab8 26. Bxa7 Rb2 27. Nd4 Kf6 28. Nxc6 Rc8 29. Nd5+ Kf7 30. Ne5+ Ke6 31. Nf4+ Kd6 32. c5+ Kc7 33. Bb6+ Kb7 34. a4 g5 35. Nd5 Rxc2 36. c6+ Ka6 37. Nb4+ Kxb6 38. Nxc2 Re8 39. Ne3 Kc7 40. N3c4 Ra8 41. a5 f4 42. Kh2 Rb8 43. h4 Rb4 44. hxg5 hxg5 45. Kh3 Ra4 46. Kg4 Ra2 47. Kxg5 Rxf2 48. Kg4 Rxg2+ 49. Kxf4 Ra2 50. Ke4 Ra1 51. Kd5 Rd1+ 52. Kc5 Ra1 53. Nd7 Ra2 54. Ndb6 1-0

[Event "December 19 Late 2023"]
[Site "https://www.chess.com"]
[Date "2023.12.19"]
[Round "4"]
[White "Kornyukov, Alexey"]
[Black "Filgueira, Hernan"]
[Result "0-1"]
[Board "124"]
[TimeControl "180+1"]
[WhiteFideId "4150457"]
[BlackFideId "101770"]
[WhiteElo "2352"]
[BlackElo "2363"]
[WhiteTeam "RUS"]
[BlackTeam "ARG"]
[WhiteClock "0:00:00"]
[BlackClock "0:01:33"]

1. d4 d5 2. c4 e6 3. Nc3 c6 4. Bf4 Nf6 5. Nf3 Nbd7 6. e3 Qa5 7. a3 dxc4 8. Bxc4 Nd5 9. Bxd5 exd5 10. Qc2 Nf6 11. O-O Be7 12. b4 Qd8 13. Ne5 O-O 14. Bg5 a6 15. Rab1 g6 16. a4 Bf5 17. Qb3 Bxb1 18. Rxb1 Nd7 19. Bh6 Re8 20. f4 Nxe5 21. dxe5 Qd7 22. h3 Rac8 23. Rd1 Qe6 24. Ne2 c5 25. Rxd5 cxb4 26. Nd4 Rc3 27. Nxe6 Rxb3 28. Nc7 Rc8 29. Rd7 Bd8 0-1

[Event "December 19 Late 2023"]
[Site "https://www.chess.com"]
[Date "2023.12.19"]
[Round "4"]
[White "Rama, Tejas"]
[Black "Merriman, John"]
[Result "1-0"]
[Board "125"]
[TimeControl "180+1"]
[WhiteFideId "30907381"]
[BlackFideId "402362"]
[WhiteElo "2089"]
[BlackElo "2207"]
[WhiteTeam "USA"]
[BlackTeam "ENG"]
[WhiteClock "0:00:17"]
[BlackClock "0:00:05"]

1. d4 Nf6 2. c4 c5 3. d5 e6 4. Nc3 exd5 5. cxd5 d6 6. Nf3 g6 7. Nd2 Bg7 8. e4 O-O 9. Be2 Re8 10. O-O a6 11. a4 Nbd7 12. Re1 Rb8 13. a5 Qc7 14. Bf1 b5 15. axb6 Rxb6 16. Nc4 Rb4 17. Bf4 Ne5 18. Bxe5 dxe5 19. f4 exf4 20. e5 Ng4 21. d6 Qc6 22. Nd5 Nxe5 23. Nxe5 Bxe5 24. Nxb4 cxb4 25. Rc1 Qb6+ 26. Kh1 Bd7 27. Qd5 Qxd6 28. Qxd6 Bxd6 29. Rxe8+ Bxe8 30. Rc8 Kf8 31. Bxa6 Ke7 32. Bc4 Bd7 33. Rh8 h5 34. Ra8 Be6 35. Ra7+ Kf6 36. Bxe6 Kxe6 37. Kg1 Kd5 38. Rxf7 g5 39. Rf5+ Ke4 40. Rxg5 Kd3 41. Rd5+ Kc2 42. Rxd6 1-0

[Event "December 19 Late 2023"]
[Site "https://www.chess.com"]
[Date "2023.12.19"]
[Round "4"]
[White "Gao, Raymond"]
[Black "Kepeshchuk, Mykhaylo"]
[Result "0-1"]
[Board "126"]
[TimeControl "180+1"]
[WhiteFideId "2629429"]
[BlackFideId "14113139"]
[WhiteElo "1953"]
[BlackElo "2279"]
[WhiteTeam "CAN"]
[BlackTeam "UKR"]
[WhiteClock "0:00:14"]
[BlackClock "0:00:03"]

1. Nf3 c5 2. e4 d6 3. d4 cxd4 4. Qxd4 Nf6 5. c4 Nc6 6. Qe3 Bg4 7. Nc3 g6 8. h3 Bxf3 9. Qxf3 Bg7 10. Be3 Qa5 11. g4 Nxe4 12. Bd2 Nxd2 13. Kxd2 Rc8 14. Qd5 Qb6 15. Qb5 Qxf2+ 16. Be2 O-O 17. Rhf1 Bh6+ 18. g5 Qd4+ 19. Kc2 a6 20. Qxb7 Bxg5 21. Rad1 Qe5 22. Rd5 Qe3 23. Rd3 Qa7 24. Qxa7 Nxa7 25. b3 Nc6 26. Nd5 e6 27. Nb6 Rb8 28. Nd7 Nb4+ 29. Kc3 Nxd3 30. Nxb8 Rxb8 31. Bxd3 Kf8 32. a3 a5 33. b4 axb4+ 34. axb4 Ke7 35. c5 dxc5 36. bxc5 Be3 37. Kc4 Rc8 38. Be4 Rxc5+ 39. Kd3 Bh6 40. Ra1 Rc7 41. Ra6 f5 42. Bg2 Rd7+ 43. Ke2 Kf6 44. Kf1 Bf4 45. Bf3 g5 46. Bc6 Rd6 47. Ke2 h5 48. Kf3 e5 49. Bb7 g4+ 50. hxg4 hxg4+ 51. Ke2 Rxa6 52. Bxa6 Kg5 53. Bb7 e4 54. Kf2 Be5 55. Kg1 Kf4 56. Kg2 Kg5 57. Kf2 Kf6 58. Kg2 Bf4 59. Kf2 Ke5 60. Ke2 Bg5 61. Kf2 f4 62. Ke2 f3+ 63. Kf2 Kf4 64. Kf1 e3 65. Ba6 Bh4 66. Be2 fxe2+ 67. Kg2 e1=Q 68. Kh2 Qg3+ 69. Kh1 Qf3+ 70. Kg1 Bf2+ 71. Kh2 Qg3+ 72. Kh1 Qg1# 0-1

[Event "December 19 Late 2023"]
[Site "https://www.chess.com"]
[Date "2023.12.19"]
[Round "4"]
[White "Paragua, Megan Althea"]
[Black "Kanter, Eduard"]
[Result "1-0"]
[Board "127"]
[TimeControl "180+1"]
[WhiteFideId "30973007"]
[BlackFideId "4103963"]
[WhiteElo "1961"]
[BlackElo "2243"]
[WhiteTeam "USA"]
[BlackTeam "RUS"]
[WhiteClock "0:00:06"]
[BlackClock "0:00:01"]

1. d4 Nf6 2. Nf3 g6 3. e3 Bg7 4. Be2 O-O 5. O-O d6 6. b3 Nbd7 7. Bb2 e5 8. dxe5 Ng4 9. c4 Ngxe5 10. Nxe5 dxe5 11. Nd2 c6 12. Qc2 f5 13. c5 Qe7 14. b4 a5 15. a3 Nf6 16. Nc4 axb4 17. axb4 Rxa1 18. Rxa1 Be6 19. Bxe5 Ne8 20. Qc3 Bd5 21. Bxg7 Nxg7 22. Nd6 f4 23. Bc4 f3 24. Bxd5+ cxd5 25. Qd3 Qe6 26. g3 b6 27. Rd1 Kh8 28. Nb5 bxc5 29. bxc5 Qh3 30. Qf1 Qc8 31. Rxd5 Ne6 32. Qc4 Rd8 33. Nd6 Qc7 34. h4 Qg7 35. Kh2 g5 36. c6 gxh4 37. Qxh4 Ra8 38. Nf5 Qb2 39. g4 Ng5 40. Kg3 Qe2 41. Qxg5 Rf8 42. Qg7# 1-0

[Event "December 19 Late 2023"]
[Site "https://www.chess.com"]
[Date "2023.12.19"]
[Round "4"]
[White "Shapiro, Daniel"]
[Black "Nilsson, Joakim"]
[Result "0-1"]
[Board "128"]
[TimeControl "180+1"]
[WhiteFideId "2001780"]
[BlackFideId "1723383"]
[WhiteElo "2297"]
[BlackElo "2143"]
[WhiteTeam "USA"]
[BlackTeam "SWE"]
[WhiteClock "0:00:00"]
[BlackClock "0:01:43"]

1. d4 c5 2. d5 e5 3. c4 d6 4. Nc3 Be7 5. Nf3 Nd7 6. h3 a6 7. e4 Ngf6 8. g4 h6 9. Bd3 Nf8 10. Bd2 Ng6 11. Ne2 Nh7 12. Ng3 Ng5 13. Nf5 Bf6 14. Qe2 Nf4 15. Bxf4 exf4 16. N5h4 Qe7 17. Kf1 h5 18. Nf5 Bxf5 19. gxf5 Nxf3 20. Qxf3 Be5 21. Rb1 a5 22. b3 Qh4 23. Ke2 Ke7 24. Rhc1 Ra6 25. a3 Rb6 26. b4 axb4 27. axb4 cxb4 28. c5 dxc5 29. Rxc5 Ra8 30. Bc4 Bd6 31. Rb5 Rxb5 32. Bxb5 Ra2+ 33. Kf1 Bc5 34. Be2 Bd6 35. e5 Bxe5 36. d6+ Bxd6 37. Qxb7+ Kf6 38. Qc6 Qxh3+ 39. Ke1 Qc3+ 40. Qxc3+ bxc3 41. Rb6 Ke7 42. Rc6 c2 43. Bxh5 Bb4+ 44. Ke2 c1=Q+ 0-1

[Event "December 19 Late 2023"]
[Site "https://www.chess.com"]
[Date "2023.12.19"]
[Round "4"]
[White "Petukhov, Dmitry"]
[Black "petr577"]
[Result "0-1"]
[Board "129"]
[TimeControl "180+1"]
[WhiteFideId "4142748"]
[WhiteElo "2269"]
[BlackElo "2296"]
[WhiteTeam "RUS"]
[WhiteClock "0:02:19"]
[BlackClock "0:02:07"]

1. e4 e5 2. Nf3 Nc6 3. Bb5 a6 4. Ba4 Nge7 5. O-O g6 6. c4 Bg7 7. Nc3 O-O 8. d3 d6 9. Nd5 h6 10. h3 f5 11. Bxc6 Nxc6 12. b4 f4 13. a4 g5 14. Nh2 Nd4 15. f3 c6 16. Nc3 Qb6 17. c5 dxc5 18. bxc5 Qxc5 19. Ba3 Ne2+ 20. Kh1 Ng3# 0-1

[Event "December 19 Late 2023"]
[Site "https://www.chess.com"]
[Date "2023.12.19"]
[Round "4"]
[White "Krzywda, Andrzej"]
[Black "Grapsa, Georgia"]
[Result "0-1"]
[Board "130"]
[TimeControl "180+1"]
[WhiteFideId "1114565"]
[BlackFideId "4206436"]
[WhiteElo "2130"]
[BlackElo "1794"]
[WhiteTeam "POL"]
[BlackTeam "GRE"]
[WhiteClock "0:00:16"]
[BlackClock "0:00:16"]

1. e4 d5 2. exd5 Qxd5 3. Nc3 Qa5 4. d4 Nf6 5. Nf3 c6 6. Bd2 Bf5 7. Bc4 e6 8. Nd5 Qd8 9. Nxf6+ gxf6 10. O-O Be7 11. Re1 Nd7 12. Nh4 Bg6 13. g3 Nb6 14. Ba5 Qd7 15. Bb3 O-O-O 16. c3 f5 17. Ng2 h5 18. Nf4 Rdg8 19. Nxe6 Qe8 20. Nc5 h4 21. Qe2 Bxc5 22. dxc5 Qxe2 23. Rxe2 Nd7 24. Bb4 hxg3 25. hxg3 f4 26. Re7 Rh7 27. Rae1 fxg3 28. Re8+ Rxe8 29. Rxe8+ Kc7 30. fxg3 f5 31. Rg8 Bf7 32. Rf8 Nxf8 33. c4 Ne6 34. Bc2 Nd4 35. Bb1 Bxc4 36. b3 Be6 37. Kf2 Rh2+ 38. Ke3 Ne2 39. Bd3 Nxg3 40. Kf4 Nh5+ 41. Ke5 Bd7 42. Bc3 Rh3 43. Kd4 Nf4 44. Bc2 Ne6+ 45. Kc4 Rxc3+ 46. Kxc3 Nxc5 47. Bb1 Ne4+ 48. Kd4 Be6 49. Ke5 Bd5 50. Kxf5 Nc3 51. Ke5 Nxb1 52. Kd4 Na3 53. Kd3 Nb5 54. Kc2 Nd4+ 55. Kb2 Kb6 56. Kc3 Kb5 57. Kxd4 Kb4 58. Kd3 Ka3 59. Kc2 Kxa2 60. b4 Ka3 61. Kc3 a6 62. Kc2 Kxb4 63. Kb2 a5 64. Ka1 Ka3 65. Kb1 b5 66. Ka1 b4 67. Kb1 b3 68. Ka1 b2+ 69. Kb1 Be4# 0-1

[Event "December 19 Late 2023"]
[Site "https://www.chess.com"]
[Date "2023.12.19"]
[Round "4"]
[White "Fernandez Hernandez, Gerardo"]
[Black "Gasparyan, David"]
[Result "1-0"]
[Board "131"]
[TimeControl "180+1"]
[WhiteFideId "2207400"]
[BlackFideId "13311980"]
[WhiteElo "2267"]
[BlackElo "2476"]
[WhiteTeam "ESP"]
[BlackTeam "USA"]
[WhiteClock "0:00:50"]
[BlackClock "0:01:45"]

1. e4 d6 2. d3 e5 3. g3 Be6 4. Bg2 h5 5. Nf3 Be7 6. h4 Nh6 7. c3 Ng4 8. d4 exd4 9. cxd4 d5 10. Nc3 dxe4 11. Nxe4 Bd5 12. Neg5 Nc6 13. O-O Qd7 14. Bf4 f6 15. Nh3 O-O-O 16. a3 Bd6 17. Rc1 Rhe8 18. b4 Bxf4 19. Nxf4 Bxf3 20. Qxf3 Nxd4 21. Qxb7# 1-0

[Event "December 19 Late 2023"]
[Site "https://www.chess.com"]
[Date "2023.12.19"]
[Round "4"]
[White "Azali, Tannaz"]
[Black "Melamed, Daniel"]
[Result "1-0"]
[Board "132"]
[TimeControl "180+1"]
[WhiteFideId "12537721"]
[BlackFideId "3229076"]
[WhiteElo "1828"]
[BlackElo "1908"]
[WhiteTeam "IRI"]
[BlackTeam "AUS"]
[WhiteClock "0:01:13"]
[BlackClock "0:00:22"]

1. e4 c5 2. Nf3 e6 3. g3 Nc6 4. Bg2 Nf6 5. Qe2 Be7 6. O-O O-O 7. Rd1 d5 8. exd5 exd5 9. d4 c4 10. Nc3 a6 11. Bf4 b5 12. a3 Bb7 13. Ne5 Bd6 14. g4 Re8 15. g5 Nd7 16. Nxc6 Bxc6 17. Qg4 Qc7 18. Bxd5 Bxf4 19. Bxc6 Bxh2+ 20. Kh1 Qxc6+ 21. Kxh2 Qe6 22. Qxe6 Rxe6 23. Re1 Rae8 24. Rxe6 Rxe6 25. Kg3 h6 26. f4 hxg5 27. fxg5 f6 28. gxf6 Nxf6 29. Rd1 Ne4+ 30. Kf4 Nxc3 31. bxc3 Kf7 32. a4 Ke7 33. axb5 axb5 34. Rb1 Rb6 35. Ke5 Rh6 36. Kd5 Rh5+ 37. Kc6 Kf6 38. d5 g5 39. d6 g4 40. d7 Rh8 41. Rxb5 g3 42. Rb1 Ke7 43. Kc7 g2 44. d8=Q+ Rxd8 45. Re1+ Kf6 46. Kxd8 Kf5 47. Kd7 Kf4 48. Kd6 Kf3 49. Kd5 Kf2 50. Rc1 g1=Q 51. Rxg1 Kxg1 52. Kxc4 Kf2 53. Kd5 Ke3 54. c4 Kd2 55. c5 Kxc2 56. c6 Kb3 57. c7 1-0

[Event "December 19 Late 2023"]
[Site "https://www.chess.com"]
[Date "2023.12.19"]
[Round "4"]
[White "Sabar Ethmane Daouda"]
[Black "Seletsky, Grigory"]
[Result "0-1"]
[Board "133"]
[TimeControl "180+1"]
[WhiteFideId "19600097"]
[BlackFideId "14112191"]
[WhiteElo "1950"]
[BlackElo "2482"]
[WhiteTeam "MTN"]
[BlackTeam "UKR"]
[WhiteClock "0:00:03"]
[BlackClock "0:00:49"]

1. b3 d5 2. Bb2 Bf5 3. e3 e6 4. f4 Nf6 5. Nf3 a6 6. Ne5 c5 7. d3 Nbd7 8. Nd2 Nxe5 9. Bxe5 Be7 10. Be2 O-O 11. O-O Nd7 12. Bb2 Bf6 13. Bxf6 Qxf6 14. g4 Bg6 15. Kh1 h6 16. f5 Bh7 17. e4 Ne5 18. Qe1 d4 19. h4 g5 20. hxg5 hxg5 21. Kg2 Kg7 22. Rh1 Rh8 23. Qg3 Bg8 24. Rxh8 Kxh8 25. Rh1+ Kg7 26. Qh3 Kf8 27. Qh6+ Qxh6 28. Rxh6 Kg7 29. Rh5 f6 30. Nc4 Nxc4 31. bxc4 b5 32. Bd1 bxc4 33. dxc4 exf5 34. exf5 Bxc4 35. Bf3 Rb8 36. Rh1 Rb2 37. Be4 d3 38. Rd1 Rxc2+ 39. Kg3 Rxa2 40. Bxd3 Ra3 41. Kf2 Rxd3 42. Rc1 Rd4 43. Ra1 Rxg4 0-1

[Event "December 19 Late 2023"]
[Site "https://www.chess.com"]
[Date "2023.12.19"]
[Round "4"]
[White "Bellissimo, Joseph F."]
[Black "Palmer, Reegan"]
[Result "1-0"]
[Board "134"]
[TimeControl "180+1"]
[WhiteFideId "2609843"]
[BlackFideId "14322145"]
[WhiteElo "2103"]
[BlackElo "1814"]
[WhiteTeam "CAN"]
[BlackTeam "RSA"]
[WhiteClock "0:01:12"]
[BlackClock "0:00:03"]

1. e4 e6 2. d4 d5 3. Nd2 dxe4 4. Nxe4 Nf6 5. Ng3 Be7 6. Nf3 c5 7. Bd3 cxd4 8. Nxd4 O-O 9. O-O Nbd7 10. c3 Ne5 11. Bc2 Ng6 12. Bg5 Qb6 13. Qe2 Bd7 14. b4 Rac8 15. Qd3 Ne5 16. Qe2 Rxc3 17. Qxe5 Bd6 18. Qe2 Qxd4 19. Rad1 Qe5 20. Bxf6 Qxe2 21. Nxe2 Rxc2 22. Rxd6 Bb5 23. Be7 Re8 24. Nd4 Bxf1 25. Nxc2 Bb5 26. Rd8 f6 27. Rxe8+ Bxe8 28. Bc5 a6 29. Nd4 e5 30. Nf5 Bb5 31. Nd6 Bc6 32. f3 Bd5 33. a3 Bc6 34. Kf2 g6 35. Ke3 f5 36. g3 Kg7 37. f4 exf4+ 38. Kxf4 Kf6 39. Nc4 g5+ 40. Ke3 h5 41. Bd4+ Ke6 42. Bb2 h4 43. gxh4 f4+ 44. Kd4 gxh4 45. Bc1 Kf5 46. Ne5 Bg2 47. Nd3 Kg4 48. Bxf4 Bf1 49. Bc7 Bg2 50. Nc5 Bc6 51. a4 b5 52. a5 Kh3 53. Nxa6 Bb7 54. Nc5 Ba8 55. a6 Bc6 56. a7 Be8 57. a8=Q Bc6 58. Qxc6 Kg4 59. Qe4+ 1-0

[Event "December 19 Late 2023"]
[Site "https://www.chess.com"]
[Date "2023.12.19"]
[Round "4"]
[White "Travadon, Loic"]
[Black "Mazurkiewicz, Michal"]
[Result "0-1"]
[Board "135"]
[TimeControl "180+1"]
[WhiteFideId "26092131"]
[BlackFideId "1124943"]
[WhiteElo "2406"]
[BlackElo "2103"]
[WhiteTeam "FRA"]
[BlackTeam "POL"]
[WhiteClock "0:00:10"]
[BlackClock "0:00:27"]

1. e4 d6 2. d4 Nf6 3. Nc3 c6 4. Bg5 Nbd7 5. f4 e5 6. dxe5 dxe5 7. Nf3 Qb6 8. Qd2 Bb4 9. Bd3 Ng4 10. fxe5 Ndxe5 11. Nxe5 Nxe5 12. Be3 Qa5 13. O-O O-O 14. a3 Bc5 15. b4 Bxe3+ 16. Qxe3 Qb6 17. Qxb6 axb6 18. Be2 Be6 19. a4 Rfd8 20. Rfd1 Kf8 21. Kf2 Ke7 22. Ke3 Bc4 23. Rxd8 Rxd8 24. Rd1 Rxd1 25. Nxd1 Bxe2 26. Kxe2 Kd6 27. h3 c5 28. b5 c4 29. Ke3 Kc5 30. c3 Nd3 31. g3 f6 32. g4 g5 33. Kf3 Kd6 34. Ke3 Ke5 35. Kf3 Kd6 36. Ke3 Nf4 37. Nf2 Ke5 38. Kf3 Ne6 39. Ke3 Nc5 40. Nh1 Nxe4 41. Ng3 Nxg3 0-1

[Event "December 19 Late 2023"]
[Site "https://www.chess.com"]
[Date "2023.12.19"]
[Round "4"]
[White "Vanek, Tomas"]
[Black "Thorhallsson, Simon"]
[Result "1-0"]
[Board "136"]
[TimeControl "180+1"]
[WhiteFideId "313459"]
[BlackFideId "2310090"]
[WhiteElo "2052"]
[BlackElo "2123"]
[WhiteTeam "CZE"]
[BlackTeam "ISL"]
[WhiteClock "0:00:34"]
[BlackClock "0:00:05"]

1. e4 e5 2. Nf3 Nc6 3. c3 d5 4. Qa4 f6 5. Bb5 Ne7 6. O-O dxe4 7. Qxe4 a6 8. Bxc6+ Nxc6 9. d4 Be7 10. dxe5 O-O 11. e6 Re8 12. Re1 Bf8 13. Qc4 Kh8 14. Nbd2 Qd6 15. Ne4 Qxe6 16. Qxe6 Bxe6 17. Bf4 Rac8 18. h3 Kg8 19. g4 Bd5 20. Nfd2 Ne7 21. f3 Ng6 22. Bg3 Ne5 23. Bxe5 Rxe5 24. Kf2 Rce8 25. Re2 f5 26. gxf5 Be7 27. Rae1 Bh4+ 28. Ke3 Bxe1 29. Rxe1 Rxf5 30. Kd4 Bxe4 31. Nxe4 Rd8+ 32. Ke3 Rfd5 33. Rg1 Rd3+ 34. Kf4 h6 35. Nf6+ Kf7 36. Ng4 g5+ 37. Kg3 Kg7 38. Re1 Rf8 39. Re7+ Rf7 40. Rxf7+ Kxf7 41. Ne5+ Ke6 42. Nxd3 h5 43. h4 Kf5 44. hxg5 Kxg5 45. f4+ Kf5 46. Kh4 b6 47. c4 Ke4 48. b3 a5 49. Kxh5 1-0

[Event "December 19 Late 2023"]
[Site "https://www.chess.com"]
[Date "2023.12.19"]
[Round "4"]
[White "Rose, Felix"]
[Black "Gutierrez Olivares, Daniel"]
[Result "1-0"]
[Board "137"]
[TimeControl "180+1"]
[WhiteFideId "5105722"]
[BlackFideId "2264005"]
[WhiteElo "2039"]
[BlackElo "2317"]
[WhiteTeam "MEX"]
[BlackTeam "ESP"]
[WhiteClock "0:00:29"]
[BlackClock "0:00:00"]

1. Nf3 Nf6 2. b3 e6 3. Bb2 d5 4. e3 Be7 5. Be2 a6 6. O-O b5 7. a4 b4 8. a5 c5 9. c4 Bb7 10. d4 Nc6 11. Nbd2 Nxa5 12. dxc5 Bxc5 13. Bxf6 gxf6 14. cxd5 Bxd5 15. Nc4 Nxc4 16. bxc4 Bc6 17. Nd4 Bd7 18. Bf3 Ra7 19. Nb3 Qb6 20. Na5 Rc7 21. Qd3 Ke7 22. Rfd1 Rhc8 23. Qxh7 b3 24. Rdb1 Bb4 25. Rxb3 Qc5 26. Nb7 Qe5 27. Rbb1 Rxc4 28. h4 Bb5 29. Rd1 Bc6 30. Bxc6 R4xc6 31. g3 Rb6 32. Qd3 Rxb7 33. Rxa6 Qc7 34. Raa1 Bc5 35. Rac1 Rb6 36. Rc4 Rd6 37. Qb1 Rb8 38. Qc1 Rxd1+ 39. Qxd1 Qe5 40. Qc1 Bd6 41. Ra4 Qf5 42. Ra7+ Kf8 43. Ra1 Qg4 44. Qd1 Qg6 45. Qxd6+ Kg7 46. Qxb8 Qc2 47. Qb1 Qc3 48. Qc1 Qd3 49. Qd1 Qc3 50. Rc1 Qe5 51. Kg2 Qe4+ 52. Qf3 Qa4 53. Kh3 Qa3 54. Rc4 f5 55. Qf4 Qa6 56. Qg5+ Kh7 57. Rf4 Qf1+ 58. Kh2 Qd3 59. h5 1-0

[Event "December 19 Late 2023"]
[Site "https://www.chess.com"]
[Date "2023.12.19"]
[Round "4"]
[White "Michalski, Olaf"]
[Black "Liu, Casper"]
[Result "0-1"]
[Board "138"]
[TimeControl "180+1"]
[WhiteFideId "1106740"]
[BlackFideId "1454153"]
[WhiteElo "2105"]
[BlackElo "2221"]
[WhiteTeam "POL"]
[BlackTeam "DEN"]
[WhiteClock "0:00:00"]
[BlackClock "0:01:13"]

1. d4 f5 2. g3 Nf6 3. Bg2 e6 4. Nf3 g6 5. O-O Bg7 6. Nbd2 O-O 7. Re1 Nc6 8. e4 d6 9. c3 e5 10. exf5 Bxf5 11. dxe5 dxe5 12. Qb3+ Kh8 13. Qxb7 Qd7 14. Nxe5 Nxe5 15. Rxe5 Ng4 16. Re2 Bd3 17. Re1 Rae8 18. Nf3 Rxf3 0-1

[Event "December 19 Late 2023"]
[Site "https://www.chess.com"]
[Date "2023.12.19"]
[Round "4"]
[White "Sivakumar, Shaashwath"]
[Black "Feliz Dotel, Dewar Bienvenido"]
[Result "1-0"]
[Board "139"]
[TimeControl "180+1"]
[WhiteFideId "30912156"]
[BlackFideId "6402801"]
[WhiteElo "2137"]
[BlackElo "2069"]
[WhiteTeam "USA"]
[BlackTeam "DOM"]
[WhiteClock "0:00:07"]
[BlackClock "0:00:00"]

1. d4 Nf6 2. c4 e6 3. g3 b6 4. Bg2 c6 5. Nf3 Ba6 6. Qc2 Be7 7. O-O O-O 8. Rd1 Bb7 9. e4 d6 10. Nc3 Nbd7 11. h3 Rc8 12. Be3 Qc7 13. b3 Rfd8 14. Rac1 Qb8 15. Ne1 Qa8 16. Nd3 b5 17. c5 dxc5 18. dxc5 b4 19. Ne2 a5 20. g4 Nf8 21. Ng3 Ba6 22. Ne5 Ng6 23. Nc4 Bxc4 24. Qxc4 Rxd1+ 25. Rxd1 Rd8 26. Rc1 Ne5 27. Qc2 h6 28. f4 Ng6 29. f5 Ne5 30. fxe6 fxe6 31. Bf4 Nd3 32. Rf1 Bxc5+ 33. Kh2 Nxf4 34. Qxc5 Nxg2 35. Kxg2 Rd2+ 36. Kh1 Qb8 37. e5 Nd5 38. Re1 Qe8 39. Ne4 Rd3 40. Qc4 Rxh3+ 41. Kg2 Rh4 42. Nd6 Rxg4+ 43. Qxg4 Qf8 44. Qxe6+ Kh7 45. Qf5+ Qxf5 46. Nxf5 1-0

[Event "December 19 Late 2023"]
[Site "https://www.chess.com"]
[Date "2023.12.19"]
[Round "4"]
[White "Sroczynski, Maciej"]
[Black "Wieczorek, Zbigniew"]
[Result "1-0"]
[Board "140"]
[TimeControl "180+1"]
[WhiteFideId "1121472"]
[BlackFideId "1102001"]
[WhiteElo "2266"]
[BlackElo "2169"]
[WhiteTeam "POL"]
[BlackTeam "POL"]
[WhiteClock "0:00:44"]
[BlackClock "0:00:11"]

1. Nf3 d5 2. g3 c6 3. Bg2 Nf6 4. O-O Bg4 5. d3 Bxf3 6. Bxf3 h5 7. h4 Nbd7 8. d4 e6 9. Nc3 b5 10. a3 a5 11. Bg5 Qb8 12. Qd3 Bd6 13. Bg2 b4 14. axb4 axb4 15. Na4 O-O 16. b3 e5 17. e3 e4 18. Qe2 Ng4 19. Bf4 f6 20. f3 exf3 21. Bxf3 f5 22. Bxg4 hxg4 23. Qd3 g6 24. Kg2 Nf6 25. Nc5 Rxa1 26. Rxa1 Ne4 27. Nd7 Qc7 28. Nxf8 Kxf8 29. Ra8+ Kg7 30. Qa6 Bxf4 31. Ra7 Bd6 32. Rxc7+ 1-0

[Event "December 19 Late 2023"]
[Site "https://www.chess.com"]
[Date "2023.12.19"]
[Round "4"]
[White "Vargas Rodriguez, Wilver"]
[Black "Melikhov, Evgeny V."]
[Result "0-1"]
[Board "141"]
[TimeControl "180+1"]
[WhiteFideId "3509672"]
[BlackFideId "4122046"]
[WhiteElo "2210"]
[BlackElo "2165"]
[WhiteTeam "CUB"]
[BlackTeam "GRE"]
[WhiteClock "0:00:46"]
[BlackClock "0:00:37"]

1. e4 c5 2. Nc3 Nc6 3. g3 g6 4. Bg2 Bg7 5. Nge2 e6 6. d3 Nge7 7. Be3 d6 8. O-O Nd4 9. Qd2 h5 10. h3 Rb8 11. a4 O-O 12. Rab1 a6 13. f4 b5 14. axb5 axb5 15. Nd1 b4 16. g4 hxg4 17. hxg4 b3 18. c3 Nc2 19. Bf2 f5 20. Ne3 Nxe3 21. Qxe3 fxg4 22. Qg3 e5 23. Be3 Ba6 24. c4 Bc8 25. Nc3 Be6 26. Nd5 Nxd5 27. cxd5 Bd7 28. Ra1 Rb7 29. Ra6 Qe7 30. fxe5 Bxe5 31. Rxf8+ Qxf8 32. Qh4 Bb5 33. Bh6 Rh7 34. Bxf8 Rxh4 35. Ra8 Kf7 36. Rb8 Bxd3 37. Rxb3 c4 38. Rb8 Bd4# 0-1

[Event "December 19 Late 2023"]
[Site "https://www.chess.com"]
[Date "2023.12.19"]
[Round "4"]
[White "Devagharan, Devina"]
[Black "Jesusesmifuerza"]
[Result "1-0"]
[Board "142"]
[TimeControl "180+1"]
[WhiteFideId "2061600"]
[WhiteElo "2433"]
[BlackElo "2164"]
[WhiteTeam "USA"]
[WhiteClock "0:00:02"]
[BlackClock "0:00:00"]

1. d4 d5 2. c4 c6 3. Nc3 Nf6 4. cxd5 cxd5 5. Bf4 e6 6. e3 Bd6 7. Bxd6 Qxd6 8. Nf3 a6 9. Bd3 Nc6 10. O-O e5 11. dxe5 Nxe5 12. Be2 O-O 13. Qd4 Nc6 14. Qd2 Bf5 15. Rad1 Rad8 16. Nd4 Ne4 17. Nxf5 Nxd2 18. Nxd6 Nxf1 19. Nf5 Nxh2 20. Kxh2 g6 21. Nd4 Ne5 22. Nf3 Nc4 23. Bxc4 dxc4 24. Nd4 b5 25. a3 Rd7 26. Rh1 Rb8 27. Kg3 Rb6 28. Rh4 Rdb7 29. Re4 a5 30. Ncxb5 Rxb5 31. Nxb5 Rxb5 32. Rxc4 Rxb2 33. Rc5 Ra2 34. Rxa5 Kg7 35. Ra6 h6 36. e4 f6 37. Ra7+ Kf8 38. a4 Ra3+ 39. f3 h5 40. a5 g5 41. a6 Kg8 42. Kf2 h4 43. Ke2 Kf8 44. Kf2 Ke8 45. Ra8+ Kf7 46. a7 Kg7 47. Kg1 Ra2 48. Kh2 Ra5 49. Kh3 Ra2 50. Kh2 Ra5 51. Kh3 Ra2 52. f4 gxf4 53. Kxh4 Ra5 54. Kg4 Kh7 55. Kxf4 Kg7 56. g3 Kh7 57. Ke3 Kg7 58. Kd4 Ra1 59. Kd5 Ra6 60. Kc5 Ra3 61. Kd6 Rd3+ 62. Ke7 Ra3 63. Ke6 Ra6+ 64. Kd7 Ra3 65. Kc6 Rc3+ 66. Kb5 Rb3+ 67. Kc4 Ra3 68. Kd4 Ra1 69. Kd5 Rd1+ 70. Ke6 Ra1 71. Ke7 Ra6 72. Ke8 Ra5 73. Kd7 Ra1 74. g4 Ra2 75. Ke6 Ra6+ 76. Kf5 Ra5+ 77. Kf4 Kh7 78. Ke3 Kg7 79. Kf4 Kh7 80. Rf8 Rxa7 81. Rxf6 Kg7 82. Rf5 Ra1 83. Kg5 Rh1 84. Ra5 Rb1 85. Ra7+ Kg8 86. e5 Rf1 87. Kg6 Rf8 88. e6 Re8 89. e7 Kh8 90. Kf7 Rg8 91. Rd7 1-0